 Dungeon Crawl Stone Soup version 0.29-a0-993-g4a18f31a58 (webtiles) character file.

Game seed: 6761388602381771351

954 tilp the Purveyor of Pain (level 7, 54/54 HPs)
             Began as a Mummy Necromancer on Aug 2, 2022.
             Was an Initiate of Kikubaaqudgha.
             Quit the game on level 5 of the Dungeon.
             The game lasted 00:08:45 (5936 turns).

tilp the Purveyor of Pain (Mummy Necromancer)       Turns: 5936, Time: 00:08:46

Health: 54/54      AC:  3    Str: 12    XL:     7   Next: 91%
Magic:  14/14      EV: 12    Int: 16    God:    Kikubaaqudgha [......]
Gold:   43         SH:  0    Dex: 12    Spells: 2/15 levels left

rFire   x . .      SeeInvis .   a - +1 trident
rCold   + . .      Faith    .   (no shield)
rNeg    + + +      Spirit   .   l - +1 robe
rPois   ∞          Reflect  .   (no helmet)
rElec   .          Harm     .   (no cloak)
rCorr   .          Rampage  .   (no gloves)
Will    .....                   (no boots)
Stlth   ++........              f - amulet of magic regeneration
HPRegen 0.18/turn               (no ring)
MPRegen 0.54/turn               (no ring)

@: weak-willed
A: cold resistance 1, negative energy resistance 3, torment resistance 2, heat
vulnerability 1, in touch with death 1, no potions
a: Renounce Religion


You were on level 5 of the Dungeon.
You worshipped Kikubaaqudgha.
Kikubaaqudgha was noncommittal.
You visited 2 branches of the dungeon, and saw 6 of its levels.

You collected 307 gold pieces.
You spent 264 gold pieces at shops.

Inventory:

Hand Weapons
 a - a +1 trident (weapon)
 b - a +0 spear
 m - a +0 quarterstaff
Missiles
 c - 69 stones
 d - 6 poisoned darts (quivered)
Armour
 i - a +0 buckler
 k - a +0 kite shield
 l - a +1 robe (worn)
Jewellery
 f - an amulet of magic regeneration (around neck)
Wands
 n - a wand of polymorph (12)
Scrolls
 e - 3 scrolls of fear
 g - 2 scrolls of teleportation
 h - a scroll of magic mapping
 j - a scroll of poison
 o - a scroll of blinking
 p - a scroll of enchant armour


   Skills:
 - Level 4.0 Fighting
 - Level 3.0 Dodging
 - Level 2.0 Stealth
 + Level 4.8 Spellcasting
 * Level 7.6 Necromancy


You had 2 spell levels left.
You knew the following spells:

 Your Spells              Type           Power      Damage    Failure   Level
a - Necrotise             Necr           100%       1d9       1%          1
b - Vampiric Draining     Necr           42%        2d9       1%          3
c - Animate Dead          Necr           42%        N/A       7%          4
d - Agony                 Necr           42%        N/A       19%         5

Your spell library contained the following spells:

 Spells                   Type           Power      Damage    Failure   Level
 Ensorcelled Hibernation  Hex/Ice        6%         N/A       24%         2
 Anguish                  Hex/Necr       12%        N/A       32%         4
 Gell's Gravitas          Tloc           3%         N/A       43%         3
 Lesser Beckoning         Tloc           3%         N/A       43%         3
 Teleport Other           Tloc           3%         N/A       43%         3
 Spider Form              Tmut/Pois      Unusable   N/A       N/A         3

Dungeon Overview and Level Annotations

Branches:
Dungeon (5/15)             Temple (1/1) D:5

Altars:
Ashenzari
Cheibriados
Fedhas
Hepliaklqana
Kikubaaqudgha
Makhleb
Okawaru
Ru
Sif Muna
Uskayaw
Vehumet
Wu Jian
Xom
Yredelemnul

Shops:
D:2 :   D:5 [

Annotations:
D:4 Sigmund


Innate Abilities, Weirdness & Mutations

You are immune to poison.
Your flesh is cold resistant. (rC+)
You are immune to negative energy. (rN+++)
You are immune to unholy pain and torment.
You are vulnerable to heat. (rF-)
You are in touch with the powers of death.
You do not drink.


Message History

Partly explored, can't reach some places.
Unknown command.
Partly explored, can't reach some places.
Partly explored, can't reach some places.
Partly explored, can't reach some places.
Search for what [Enter for "ki", or ? for help]? lol Can't find anything matching that.
Search for what [Enter for "lol", or ? for help]? kik
There is a radiant altar of Vehumet here.
You enter the shallow water.
Moving in this stuff is going to be slow.
There is a shimmering altar of Xom here.
There is an ancient bone altar of Kikubaaqudgha here.
You kneel at the altar of Kikubaaqudgha.
Kikubaaqudgha welcomes you!
Blink to where?
Press: ? - help, Dir - move target, f - you Are you sure you want to cancel this blink?
Okay, then.
As you read the scroll labelled INGOMI KI LUA, it crumbles to dust.
It was a scroll of blinking.
As you read the scroll labelled JINKOERGHIN, it crumbles to dust.
It is a scroll of enchant armour.
Your +0 robe glows green for a moment.
As you read the scroll labelled COLORPH RUIMU, it crumbles to dust.
It is a scroll of enchant weapon.
Your +0 trident glows red for a moment.
As you read the scroll labelled REUDWEI XILAX, it crumbles to dust.
Magic quickly surges around you.
It was a scroll of vulnerability.
Unknown command.
Press < or > to pray at altars.
You offer a prayer to Kikubaaqudgha.
(D) Dungeon (T) Temple
Where to? (Enter - Temple @ (x,y), ? - help)
You enter the shallow water.
Moving in this stuff is going to be slow.
There is a staircase back to the Dungeon here.
You climb upwards.
Welcome back to the Dungeon!
There is a staircase to the Ecumenical Temple here.
Are you sure you want to abandon this character and quit the game? (Confirm with "yes".)

#≈≈≈≈.##
###...
#≈≈§.≈≈#
#...##
##≈§≈≈≈#
##..#
##≈.≈##
####
##.##
###'###
#8...8#
#.....#
#..@..#
#.....#
#8...8#
#######


There were no monsters in sight!

Vanquished Creatures
  2 water moccasins (D:5)
  An ogre (D:4)
  A bullfrog (D:5)
  A scorpion (D:5)
  A howler monkey (D:5)
  3 hounds
  An orc priest (D:3)
  3 iguanas (D:5)
  3 orc wizards
  5 adders
  6 gnolls
  A white imp (D:5)
  3 worms
  A dart slug (D:4)
  12 orcs
  5 bats
  9 endoplasms
  4 giant cockroaches
  6 goblins
  5 hobgoblins
  2 jackals (D:4)
  2 quokkas
  10 ball pythons
  A frilled lizard (D:3)
  5 kobolds
  2 rats
95 creatures vanquished.

Vanquished Creatures (collateral kills)
  A jelly (D:5)
  A gnoll (D:2)
2 creatures vanquished.

Vanquished Creatures (others)
  A plant (D:4)
1 creature vanquished.

Grand Total: 98 creatures vanquished

Notes
Turn   | Place    | Note
-------+----------+-------------------------------------------
     0 | D:1      | tilp the Mummy Necromancer began the quest for the Orb.
     0 | D:1      | Reached XP level 1. HP: 13/13 MP: 4/4
   653 | D:1      | Found a faded altar of an unknown god.
   655 | D:1      | Reached XP level 2. HP: 20/20 MP: 3/5
   790 | D:2      | Reached skill level 1 in Fighting
  1107 | D:2      | Found Wiakuuwk's Book Shoppe.
  1128 | D:2      | Gained mutation: You are in touch with the powers of death.
                  | [Mummy growth]
  1128 | D:2      | Reached XP level 3. HP: 26/26 MP: 5/7
  1128 | D:2      | Found a basalt altar of Yredelemnul.
  1135 | D:2      | Learned a level 3 spell: Vampiric Draining
  1525 | D:2      | Reached XP level 4. HP: 33/33 MP: 5/8
  1973 | D:3      | Reached skill level 5 in Necromancy
  2175 | D:3      | Reached XP level 5. HP: 38/38 MP: 6/9
  2859 | D:3      | Learned a level 4 spell: Animate Dead
  2974 | D:4      | Found a hazy altar of Hepliaklqana.
  2994 | D:4      | Reached skill level 6 in Necromancy
  3301 | D:4      | Noticed Sigmund
  3798 | D:4      | Found a blossoming altar of Fedhas.
  4011 | D:2      | Bought a book of Dreams for 264 gold pieces
  4079 | D:5      | Entered Level 5 of the Dungeon
  4079 | D:5      | Noticed a water moccasin
  4079 | D:5      | Found Fishuad's Armour Shop.
  4098 | D:5      | Noticed an ogre
  4105 | D:4      | Killed an ogre
  4106 | D:4      | Reached XP level 6. HP: 6/46 MP: 0/10
  4736 | D:5      | Reached XP level 7. HP: 38/52 MP: 8/12
  5226 | D:5      | Found a snail-covered altar of Cheibriados.
  5257 | D:5      | Reached skill level 7 in Necromancy
  5610 | D:5      | Found an iron altar of Okawaru.
  5714 | D:5      | Found a staircase to the Ecumenical Temple.
  5729 | D:5      | Learned a level 5 spell: Agony
  5731 | Temple   | Entered the Ecumenical Temple
  5916 | Temple   | Became a worshipper of Kikubaaqudgha
  5936 | D:5      | Quit the game

Illustrated notes

Levels and vault maps discovered:
D:1:      giann_wishing_wells, layout_basic, hellmonk_ecumenical_altar_run_dry,
          minmay_hedge_maze
D:2:      minmay_chambers_of_ones, layout_basic, basic_altar, serial_shops,
          nicolae_shop_hallway_plus
D:3:      layout_basic
D:4:      layout_loops_ring, nicolae_hepliaklqana_hazy_memory,
          mainiacjoe_overflow_boulevard, serial_co_window_serial,
          co_window_paths_a, co_window_paths_b, co_window_paths_a,
          co_window_paths_b, co_window_paths_a, co_window_paths_b,
          co_window_paths_b, co_window_paths_b, co_window_paths_a,
          co_window_2corner, co_window_corner_cb, co_window_of_opportunity_b,
          co_window_2corner, co_window_unsneaky_path_b, glass_columns_c,
          glass_columns_b, hangedman_abyss_or_decor_passed,
          minmay_misc_feat_pillars, dreamdust_wishing_well, uniq_sigmund
D:5:      layout_cave_pools, general_overflow_altar, cheibriados_altar_1,
          elyvilon_altar_3, minmay_temple_entry_fiery, serial_shops,
          shop_statue, kennysheep_generic_room_6, uniq_crazy_yiuf_cottage
Temple:   chequers_temple_sunken

Skill      XL: |  1  2  3  4  5  6  7 |
---------------+----------------------+-----
Fighting       | 1 2 3 4 |  4.0
Spellcasting   | 3 4 |  4.8
Stealth        | 2 |  2.0
Dodging        | 2 3 |  3.0
Necromancy     | 5 6 7 |  7.6

Action                   |  1- 3 |  4- 6 |  7- 9 || total
-------------------------+-------+-------+-------++-------
Melee: Spear             |    12 |       |       ||    12
       Trident           |       |    25 |     6 ||    31
       Punch             |       |       |     1 ||     1
Throw: Dart              |       |     5 |     3 ||     8
 Cast: Necrotise         |    61 |    94 |    35 ||   190
       Vampiric Draining |       |    15 |     7 ||    22
  Use: Scroll            |     1 |     2 |     5 ||     8
 Stab: Sleeping          |     1 |     1 |       ||     2
Armor: Robe              |     7 |     8 |       ||    15
Dodge: Dodged            |    22 |    25 |    16 ||    63

Table legend: (Time is in decaauts)
 A = Elapsed time spent in this place.
 B = Non-inter-level travel time spent in this place.
 C = Inter-level travel time spent in this place.
 D = Time resting spent in this place.
 E = Time spent auto-exploring this place.
 F = Levels seen in this place.
 G = Mean time per level.
                   A        B        C        D        E       F      G
               +--------+--------+--------+--------+--------+-----+--------+
         Total |   6006 |   5683 |    323 |   1376 |   3639 |   6 | 1001.0 |
       Dungeon |   5745 |   5456 |    289 |   1376 |   3423 |   5 | 1149.0 |
        Temple |    260 |    227 |     33 |      0 |    216 |   1 |  260.0 |
               +--------+--------+--------+--------+--------+-----+--------+

Top non-repeatable levels by time:
     D:4: 1635 daAuts
     D:3: 1173 daAuts
     D:5: 1151 daAuts
     D:2: 1023 daAuts
     D:1: 762 daAuts
  Temple: 260 daAuts
